 Dungeon Crawl Stone Soup version 0.20.1-1-g8b1a95d (webtiles) character file.

25 digijack the Magician (level 2, 0/15 HPs)
             Began as a Deep Elf Wanderer on Dec 7, 2017.
             Killed by nerve-wracking pain
             ... invoked by a shadow imp
              (5 damage)
             ... on level 1 of the Dungeon.
             The game lasted 00:08:52 (1229 turns).

digijack the Magician (Deep Elf Wanderer)           Turns: 1229, Time: 00:08:52

Health: 0/15       AC:  5    Str:  8    XL:     2   Next: 82%
Magic:  0/8        EV: 12    Int: 18    God:
Gold:   62         SH:  0    Dex: 13    Spells: 6/8 levels left

rFire    . . .     SeeInvis .   e - +0 dagger
rCold    . . .     Gourm    .   (no shield)
rNeg     . . .     Faith    .   d - +0 robe
rPois    .         Spirit   +   (no helmet)
rElec    .         Reflect  .   j - scarf {Spirit}
rCorr    .         Harm     +   i - +2 pair of gloves
MR       .....                  (no boots)
Stlth    ++........             k - amulet of harm
Regen    0.1/turn               (no ring)
MPRegen  0.2/turn               (no ring)

@: no status effects
A: no striking features
a: no special abilities


You were on level 1 of the Dungeon.
You were not hungry.

You visited 1 branch of the dungeon, and saw 1 of its levels.

You collected 62 gold pieces.

Inventory:

Hand Weapons
 e - a +0 dagger (weapon)
Armour
 d - a +0 robe (worn)
 i - a +2 pair of gloves (worn)
 j - a scarf of spirit shield (worn)
Jewellery
 k - an amulet of harm (around neck)
Books
 a - a book of Minor Magic

   Spells                             Type                      Level
   a - Magic Dart                     Conjuration                  1
   b - Blink                          Translocation                2
   c - Call Imp                       Summoning                    2
   d - Slow                           Hexes                        2
   e - Conjure Flame                  Conjuration/Fire             3
   f - Mephitic Cloud                 Conjuration/Poison/Air       3
 b - the Papyrus of the Arsonist

   Spells                             Type                      Level
   a - Flame Tongue                   Conjuration/Fire             1
   b - Ignite Poison                  Fire/Transmutation/Poison    3
 c - the Tome of the Mountains

   Spells                             Type                      Level
   a - Sandblast                      Earth                        1
   b - Stone Arrow                    Conjuration/Earth            3
Comestibles
 f - 2 bread rations
 g - 3 chunks of flesh
 h - 6 fruits


   Skills:
 + Level 1.9 Dodging
 + Level 3.0 Stealth
 + Level 3.6 Spellcasting
 + Level 0.4 Conjurations
   Level 2.1 Summonings
 + Level 0.4 Fire Magic
   Level 1.1 Earth Magic
   Level 2.1 Evocations


You had 6 spell levels left.
You knew the following spells:

 Your Spells              Type           Power        Failure   Level  Hunger
a - Flame Tongue          Conj/Fire      #....        13%         1    None
b - Magic Dart            Conj           #...         13%         1    None


Dungeon Overview and Level Annotations

Branches:
Dungeon (1/15)

Altars:


Message History

Aiming: Magic Dart
Press: ? - help, Shift-Dir - straight line, f/p - shadow imp
Aim: a shadow imp (lightly wounded)
The magic dart hits the shadow imp.
The shadow imp is lightly wounded.
Casting: Magic Dart
Confirm with . or Enter, or press ? or * to list all spells.
Aiming: Magic Dart
Press: ? - help, Shift-Dir - straight line, f/p - shadow imp
Aim: a shadow imp (lightly wounded)
You miscast Magic Dart.
You are very lightly contaminated with residual magic.
Nothing appears to happen.
The shadow imp gestures at you. Pain shoots through your body!
* * * LOW HITPOINT WARNING * * *
Your magical contamination has completely faded away.
The shadow imp gestures at you. Pain shoots through your body!
You die...

##.# #.5....# #.# #.#
######.# #.# #.# #.# #.#
#.### #5# #.# #...# #.#
#.# ###.# #########.##
#.# #.# #..........# #.#
#.# #.#######.#####.# #.#
#.##....@.....#.# #.#
#.##.########.#.#
#.####.##.## #.#.#
####......#...#######.#.#
##.....[................#
##.#..#####...#######.###
##.#..# ##.## #.# ##.#..#
#.# #.# ##.#..#
#.########.#


You could see a shadow imp.

Vanquished Creatures
  A worm (D:1)
  A leopard gecko (D:1)
  2 ball pythons (D:1)
  A giant cockroach (D:1)
  3 goblins (D:1)
  3 kobolds (D:1)
  5 bats (D:1)
  2 frilled lizards (D:1)
  A rat (D:1)
19 creatures vanquished.

Notes
Turn   | Place    | Note
-------+----------+-------------------------------------------
     0 | D:1      | digijack the Deep Elf Wanderer began the quest for the Orb.
     0 | D:1      | digijack set off with: a book of Minor Magic, the Papyrus of the Arsonist, the Tome of the Mountains, a +0 robe, a +0 dagger, a bread ration
     0 | D:1      | Reached XP level 1. HP: 10/10 MP: 6/6
     4 | D:1      | Learned a level 1 spell: Flame Tongue
     6 | D:1      | Learned a level 1 spell: Magic Dart
   540 | D:1      | Reached XP level 2. HP: 15/15 MP: 4/8
  1229 | D:1      | Killed from afar by a shadow imp

Skill      XL: |  1  2 |
---------------+-------+-----
Stealth        | 3 |  3.0
Dodging        | |  1.9
Spellcasting   | |  3.6
Conjurations   | |  0.4
Summonings     | |  2.1
Fire Magic     | |  0.4
Earth Magic    | |  1.1
Evocations     | |  2.1

Action                   || total
-------------------------++-------
Melee: Dagger            ||    17
 Cast: Magic Dart        ||    44
       Flame Tongue      ||    16
  Use: Scroll            ||     2
       Potion            ||     2
  Eat: Chunk             ||     1
Armor: Robe              ||    13
Dodge: Dodged            ||    41
